AoeStats
← ALAM-THE-GHAZAI

Black Forest

510271068Analyzed
4v4 RM · 18h ago on Sep 30, 2026· 57m 25s· 8 players
Game mode
Random Map
Map size
Large (8 player)
Population
200
Speed
Normal
Resources
Standard
Victory
Conquest
Starting age
Dark Age
Ending age
Imperial Age
RankedLock teamsTeams togetherTeam positionsShared explorationLock speedFull tech treeHidden civsTurbo modeCheats
Victory
Defeat
🇵🇰 Celts · Pakistan
889
+12
🇹🇷 Mongols · Türkiye
853
+13
🇹🇷 Britons · Türkiye
822
+15
🇺🇸 Khmer · United States
814
+15
🇨🇿 Khmer · Czechia
901
-18
🇦🇺 Franks · Australia
785
-13
🇦🇺 Spanish · Australia
770
-13
🇫🇷 Vikings · France
719
-17
ALAM-THE-GHAZAI
4:53 Loom
4:57 Loom
12:48 Feudal Age
13:44 Town Watch
14:57 Fishing Lines
18:24 Castle Age
19:45 Double-Bit Axe
23:00 Fletching
24:44 Scale Mail Armor
26:34 Wheelbarrow
28:02 Hand Cart
28:22 Caravan
28:39 Padded Archer Armor
29:47 Town Patrol
30:17 Bow Saw
30:21 Forging
31:25 Coinage
31:55 Iron Casting
31:39 Gillnets
37:21 Imperial Age
35:07 Bodkin Arrow
35:45 Fortified Wall
37:34 Heated Shot
38:04 Ballistics
39:07 Onager
42:32 Blast Furnace
41:24 Siege Onager
42:39 Gold Mining
42:39 Stone Mining
45:11 Chain Mail Armor
45:48 Gold Shaft Mining
45:48 Stone Shaft Mining
44:36 Pikeman
46:24 Halberdier
51:18 Chemistry
50:24 Siege Engineers
50:36 Leather Archer Armor
50:39 Guilds
51:00 Banking
52:16 Masonry
52:39 Ring Archer Armor
54:52 Cavalier
56:39 Plate Mail Armor
56:29 Husbandry
57:05 Scale Barding Armor
57:24 Conscription
AhMeskoozy
1:16 Loom
11:13 Feudal Age
21:47 Castle Age
20:33 Wheelbarrow
24:03 Hand Cart
25:28 Horse Collar
29:03 Double-Bit Axe
30:06 Heavy Plow
33:06 Bow Saw
33:23 Stone Mining
34:11 Scale Barding Armor
34:33 Ballistics
34:47 Husbandry
35:36 Chain Barding Armor
36:20 Bloodlines
41:35 Imperial Age
39:32 Tusk Swords
43:18 Conscription
43:10 Gold Mining
43:39 Double Crossbow
43:01 Elite Ballista Elephant
43:51 Elite Battle Elephant
Malatyalı44
4:36 Loom
11:29 Feudal Age
16:14 Castle Age
14:53 Horse Collar
15:41 Double-Bit Axe
17:35 Wheelbarrow
18:26 Bow Saw
18:34 Fishing Lines
25:11 Stone Mining
25:34 Gold Mining
26:34 Gillnets
30:18 Caravan
30:35 Heavy Plow
33:45 Stone Shaft Mining
33:47 Gold Shaft Mining
36:19 Imperial Age
34:42 Padded Archer Armor
34:33 Fletching
34:48 Scale Barding Armor
34:44 Scale Mail Armor
34:54 Forging
34:47 Nomads
35:56 Leather Archer Armor
36:08 Bodkin Arrow
35:35 Pikeman
36:03 Arson
36:18 Squires
36:42 Hand Cart
36:12 Town Watch
37:17 Elite Mangudai
38:20 Conscription
38:21 Drill
37:33 Capped Ram
38:56 Siege Ram
40:59 Bracer
41:20 Chain Barding Armor
42:15 Iron Casting
41:55 Chain Mail Armor
42:19 Bloodlines
42:10 Husbandry
42:47 Ballistics
43:28 Chemistry
43:39 Heavy Camel Rider
43:48 Cavalier
43:50 Elite Steppe Lancer
43:52 Light Cavalry
46:11 Blast Furnace
45:41 Plate Mail Armor
46:51 Hoardings
49:59 Hussar
50:48 Town Patrol
51:01 Masonry
53:53 Coinage
52:56 Sappers
53:04 Onager
53:07 Heavy Scorpion
alpercetiner66
0:29 Loom
13:03 Feudal Age
21:04 Castle Age
18:47 Horse Collar
18:58 Double-Bit Axe
19:23 Gold Mining
19:42 Stone Mining
21:56 Wheelbarrow
21:14 Town Watch
21:59 Heavy Plow
22:46 Bow Saw
24:48 Gold Shaft Mining
26:57 Hand Cart
27:26 Treadmill Crane
28:55 Town Patrol
29:23 Ballistics
29:21 Caravan
30:24 Murder Holes
30:48 Masonry
31:17 Yeomen
31:21 Fortified Wall
32:01 Fletching
32:11 Padded Archer Armor
33:12 Coinage
33:16 Bodkin Arrow
33:37 Leather Archer Armor
38:15 Imperial Age
39:19 Conscription
39:37 Hoardings
40:05 Two-Man Saw
39:20 Bracer
39:50 Ring Archer Armor
40:24 Chemistry
39:09 Arrowslits
40:18 Architecture
41:44 Forging
41:34 Scale Mail Armor
41:03 Elite Longbowman
42:05 Warwolf
43:15 Banking
42:58 Guilds
48:06 Iron Casting
47:46 Chain Mail Armor
52:32 Blast Furnace
52:03 Plate Mail Armor
51:46 Fervor
51:52 Block Printing
52:02 Illumination
51:58 Sanctity
51:39 Devotion
52:15 Theocracy
51:37 Herbal Medicine
54:39 Scale Barding Armor
54:28 Guard Tower
54:30 Heated Shot
57:42 Chain Barding Armor
56:47 Man-at-Arms
56:48 Pikeman
57:14 Gambesons
57:30 Squires
57:15 Arson
Bc. .
0:34 Loom
13:31 Feudal Age
18:22 Castle Age
18:20 Double-Bit Axe
20:36 Bow Saw
23:43 Gold Mining
26:13 Fishing Lines
27:03 Town Watch
27:17 Horse Collar
28:36 Fletching
30:00 Scale Barding Armor
29:58 Padded Archer Armor
29:54 Bodkin Arrow
30:12 Forging
31:06 Heavy Plow
34:53 Imperial Age
32:48 Gillnets
32:54 Elite Skirmisher
33:53 Leather Archer Armor
34:17 Iron Casting
34:47 Caravan
35:25 Wheelbarrow
35:00 Town Patrol
37:15 Bracer
38:19 Fortified Wall
39:10 Chemistry
38:35 Double Crossbow
39:04 Conscription
38:55 Elite Ballista Elephant
40:16 Ring Archer Armor
41:06 Blast Furnace
40:39 Chain Barding Armor
41:24 Ballistics
42:05 Gold Shaft Mining
41:48 Hand Cart
44:15 Plate Barding Armor
44:32 Crop Rotation
44:30 Masonry
44:19 Murder Holes
55:48 Husbandry
55:58 Bloodlines
55:09 Light Cavalry
issamj1
2:25 Loom
17:00 Feudal Age
18:14 Man-at-Arms
19:45 Forging
20:56 Fletching
20:55 Arson
21:55 Scale Mail Armor
22:06 Gold Mining
23:01 Double-Bit Axe
23:02 Horse Collar
25:32 Padded Archer Armor
28:31 Castle Age
28:19 Stone Mining
31:14 Heavy Plow
31:04 Crossbowman
31:07 Elite Skirmisher
32:20 Leather Archer Armor
33:04 Bodkin Arrow
36:48 Imperial Age
34:58 Squires
37:40 Iron Casting
37:34 Ballistics
37:56 Gold Shaft Mining
38:42 Chain Mail Armor
38:58 Arrowslits
40:48 Conscription
48:09 Chemistry
samaffleck1
13:43 Feudal Age
14:17 Horse Collar
14:25 Double-Bit Axe
15:39 Wheelbarrow
21:49 Castle Age
20:08 Gold Mining
21:32 Gold Mining
21:36 Stone Mining
26:44 Bow Saw
26:37 Heavy Plow
27:03 Caravan
29:41 Hand Cart
30:14 Stone Shaft Mining
39:36 Imperial Age
38:48 Ballistics
40:52 Conscription
39:53 Elite Conquistador
42:21 Two-Man Saw
41:41 Forging
41:32 Padded Archer Armor
41:33 Scale Mail Armor
44:07 Chemistry
43:48 Man-at-Arms
44:56 Long Swordsman
46:40 Husbandry
46:54 Bloodlines
46:36 Cavalier
49:11 Paladin
51:14 Fortified Wall
54:50 Scale Barding Armor
JR125941
14:32 Feudal Age
17:10 Double-Bit Axe
21:09 Castle Age
20:29 Forging
20:26 Scale Barding Armor
22:46 Stone Mining
22:47 Gold Mining
26:44 Bow Saw
26:28 Treadmill Crane
26:59 Fortified Wall
27:55 Gold Shaft Mining
27:43 Chain Barding Armor
30:34 Wheelbarrow
31:45 Hand Cart
35:29 Imperial Age
33:24 Ballistics
33:42 Husbandry
34:23 Iron Casting
33:49 Scale Mail Armor
35:33 Cavalier
36:20 Chivalry
36:41 Conscription
38:00 Chemistry
38:25 Paladin
39:23 Elite Throwing Axeman
41:21 Ordonnance Companies
42:52 Chain Mail Armor
42:38 Loom
44:05 Blast Furnace
44:15 Plate Barding Armor
44:33 Plate Mail Armor
Connection lost

Rejoining the realm…

Still unreachable

The connection could not be restored.

Session expired

The server has moved on; the page needs a fresh start.